 Dungeon Crawl Stone Soup version 0.13-a0-2301-g23820b6 (webtiles) character file.

559 M4edhros the Sneak (level 6, -5/39 HPs)
             Began as an Octopode Artificer on July 8, 2013.
             Slain by an iguana (14 damage)
             ... on Level 5 of the Dungeon.
             The game lasted 00:04:12 (3414 turns).

M4edhros the Sneak (Octopode Artificer)             Turns: 3414, Time: 00:04:12

HP  -5/39        AC  1     Str 10      XL: 6   Next: 70%
MP   9/9         EV 12     Int 16      God:
Gold 189         SH  0     Dex 13      Spells:  0 memorised,  5 levels left

Res.Fire  : . . .   See Invis. : .   a - +0 short sword
Res.Cold  : . . .   Warding    : .   (no shield)
Life Prot.: . . .   Conserve   : .   (helmet restricted)
Res.Poison: .       Res.Corr.  : .   (no amulet)
Res.Elec. : .       Clarity    : .   (no ring)
Sust.Abil.: . .     Spirit.Shd : .   (no ring)
Res.Mut.  : .       Stasis     : .   (no ring)
Res.Rott. : .       Flight     : .   (no ring)
Saprovore : . . .                    (no ring)
                                     (no ring)
                                     (no ring)
                                     (no ring)

@: slightly resistant to hostile enchantments, extremely stealthy
A: almost no armour, amphibious, 8 rings, constrict 8, camouflage 1, AC +1
a: no special abilities


You were on level 5 of the Dungeon.
You were near starving.

You visited 1 branch of the dungeon, and saw 5 of its levels.

You collected 169 gold pieces.

Inventory:

Hand weapons
 a - a +0,+0 short sword (weapon)
Missiles
 m - 9 javelins (quivered)
Magical devices
 b - a wand of flame (4)
 c - a wand of enslavement (13)
 d - a wand of random effects (15)
Comestibles
 f - 2 bread rations
 l - a meat ration
 p - 18 sultanas
 r - a slice of pizza
Scrolls
 e - 8 scrolls of identify {unknown}
 k - 3 scrolls of remove curse {unknown}
 n - a scroll of fog {unknown}
 o - a scroll of blinking {unknown}
 q - a scroll of noise {unknown}
 v - a scroll of magic mapping {unknown}
Jewellery
 i - an uncursed amulet of rage {unknown}
Potions
 g - 3 potions of curing {unknown}
 h - 2 potions of restore abilities {unknown}
 j - a potion of heal wounds {unknown}
 t - a potion of confusion {unknown}
 u - a potion of might {unknown}


   Skills:
 - Level 1.0 Fighting
 + Level 3.7 Short Blades
 - Level 2.0 Dodging
 * Level 7.9 Stealth
 - Level 2.1 Traps
 - Level 3.2 Evocations


You had 5 spell levels left.
You didn't know any spells.

Dungeon Overview and Level Annotations

Branches:
Dungeon (5/27)
 Temple: D:4-7

Altars:

Shops:
D:5: (

Portals:
Ziggurat: D:3 (3910 gp)


Innate Abilities, Weirdness & Mutations

You cannot wear most types of armour.
You are amphibious.
You can wear up to eight rings at the same time.
You can use your tentacles to constrict many enemies at once.
Your skin changes colour to match your surroundings (Stlth).
Your rubbery body absorbs attacks (AC +1).


Message History

Zapping:
b - a wand of flame (7)
Press: ? - help, Shift-Dir - straight line, f/p - iguana
Aim: an iguana (severely wounded)
The puff of flame misses the iguana.
This wand has 6 charges left.
Evoke which item? (* to show all) (? for menu, Esc to quit)
Zapping:
b - a wand of flame (6)
Press: ? - help, Shift-Dir - straight line, f/p - iguana
Aim: an iguana (severely wounded)
The puff of flame hits the iguana.
The iguana appears unharmed.
The iguana is severely wounded.
This wand has 5 charges left.
The iguana bites you!
* * * LOW HITPOINT WARNING * * *
Evoke which item? (* to show all) (? for menu, Esc to quit)
Zapping:
b - a wand of flame (5)
Press: ? - help, Shift-Dir - straight line, f/p - iguana
Aim: an iguana (severely wounded)
The puff of flame hits the iguana.
The iguana is almost dead.
This wand has 4 charges left.
The iguana bites you!
You die...

......# ......# ......+
......# <.....# ......#
##'#### #..# ####+#
#.###### #.@..#
.......# ###l#######
.......# #.........#
.......# ###.........#
.......####...........#
.......#....#.........#
.......#.####........)#
.......#.# #.........#
.........# #.........#


You could see an iguana.

Vanquished Creatures
  A hound (D:4)
  2 worker ants (D:4)
  An orc priest (D:4)
  A hound skeleton (D:4)
  A gnoll (D:1)
  3 adders
  A giant mite (D:4)
  A worm (D:4)
  A giant eyeball (D:3)
  2 giant geckos (D:2)
  An ooze (D:3)
  10 orcs
  6 giant cockroaches
  8 goblins
  9 hobgoblins
  15 jackals
  6 kobolds
  4 quokkas
  10 bats
  4 giant newts
  A quokka zombie (D:5)
  4 rats
92 creatures vanquished.

Vanquished Creatures (collateral kills)
  An ice beast (D:5)
  An orc priest (D:4)
  2 orcs (D:4)
4 creatures vanquished.

Vanquished Creatures (others)
  A goblin (D:1)
1 creature vanquished.

Grand Total: 97 creatures vanquished

Notes
Turn   | Place    | Note
--------------------------------------------------------------
     0 | D:1      | M4edhros, the Octopode Artificer, began the quest for the Orb.
     0 | D:1      | Reached XP level 1. HP: 14/14 MP: 1/1
   114 | D:1      | Reached XP level 2. HP: 14/19 MP: 3/3
   562 | D:1      | Reached XP level 3. HP: 21/24 MP: 4/4
   798 | D:2      | Reached skill level 4 in Stealth
  1181 | D:2      | Reached XP level 4. HP: 29/29 MP: 6/6
  1548 | D:3      | Paralysed by a giant eyeball for 2 turns
  1688 | D:3      | Reached skill level 5 in Stealth
  2195 | D:3      | Found a gateway to a ziggurat.
  2414 | D:4      | Reached XP level 5. HP: 34/34 MP: 7/7
  2517 | D:4      | Reached skill level 6 in Stealth
  2767 | D:4      | Reached XP level 6. HP: 33/39 MP: 9/9
  2782 | D:4      | Reached skill level 7 in Stealth
  3273 | D:5      | Entered Level 5 of the Dungeon
  3330 | D:5      | Found Plewn's Weapon Boutique.
  3414 | D:5      | Slain by an iguana

Action                   |  1- 3 |  4- 6 || total
-------------------------+-------+-------++-------
Melee: Short sword       |    83 |   126 ||   209
Evoke: Wand              |       |    13 ||    13
 Stab: Sleeping          |     3 |    18 ||    21
